 Dungeon Crawl Stone Soup version 0.31-a0-654-gbe3e110b4e (webtiles) character file.

Game seed: 6410149355063566058

13 cforsyth the Charlatan (level 2, 0/23 HPs)
             Began as a Gnoll Artificer on Aug 29, 2023.
             Slain by a hound (2 damage)
             ... on level 2 of the Dungeon.
             The game lasted 00:01:22 (1340 turns).

cforsyth the Charlatan (Gnoll Artificer)            Turns: 1340, Time: 00:01:23

Health: 0/23       AC:  3    Str: 11    XL:     2   Next: 37%
Magic:  2/2        EV: 12    Int: 10    God:
Gold:   49         SH:  0    Dex: 12    Spells: 1/1 levels left

rFire   . . .        a - +0 club
rCold   . . .        (no shield)
rNeg    . . .        b - +0 leather armour
rPois   .            (no helmet)
rElec   .            (no cloak)
rCorr   .            (no gloves)
SInv    .            (no boots)
Will    .....        (no amulet)
Stlth   ++           (no ring)
HPRegen 0.23/turn    (no ring)
MPRegen 0.08/turn

%: no passive effects
@: no status effects
A: fangs 1, strong nose, distributed training
a: no special abilities


You were on level 2 of the Dungeon.
You visited 1 branch of the dungeon, and saw 2 of its levels.

You collected 49 gold pieces.

Inventory:

Hand Weapons
 a - a +0 club (weapon)
Armour
 b - a +0 leather armour (worn)
Jewellery
 h - a ring of protection from fire
Wands
 c - a wand of flame (15) (quivered)
 d - a wand of charming (15)
 e - a wand of iceblast (5)
Scrolls
 f - a scroll of revelation {unknown}
 g - 2 scrolls of identify {unknown}
 i - a scroll of immolation {unknown}
 k - a scroll of enchant weapon {unknown}
 l - a scroll of fear {unknown}
 m - a scroll of torment {unknown}
Potions
 j - a potion of brilliance {unknown}


   Skills:
 + Level 2.5 Fighting
 + Level 0.4 Short Blades
 + Level 0.4 Long Blades
 + Level 0.4 Axes
 + Level 0.4 Maces & Flails
 + Level 0.4 Polearms
 + Level 0.4 Staves
 + Level 0.4 Ranged Weapons
 + Level 0.4 Throwing
 + Level 4.5 Armour
 + Level 2.5 Dodging
 + Level 2.2 Stealth
 + Level 0.4 Shields
 + Level 0.4 Unarmed Combat
 + Level 0.4 Spellcasting
 + Level 0.2 Conjurations
 + Level 0.2 Hexes
 + Level 0.2 Summonings
 + Level 0.2 Necromancy
 + Level 0.2 Translocations
 + Level 0.2 Transmutations
 + Level 0.2 Fire Magic
 + Level 0.2 Ice Magic
 + Level 0.2 Air Magic
 + Level 0.2 Earth Magic
 + Level 0.2 Poison Magic
 + Level 0.5 Invocations
 + Level 6.5 Evocations
 + Level 0.3 Shapeshifting


You had one spell level left.
You didn't know any spells.
Your spell library was empty.

Dungeon Overview and Level Annotations

Branches:
Dungeon (2/15)

Altars:


Innate Abilities, Weirdness & Mutations

You have very sharp teeth.
Your uncanny sense of smell can sniff out nearby items.
Your experience applies equally to all skills.


Message History

The hound closely misses you. The hound bites you.
You closely miss the hound. The hound barely misses you.
The endoplasm barely misses you. The hound barely misses you.
You hit the hound.
The hound is lightly wounded.
The hound closely misses you. The endoplasm barely misses you.
The hound closely misses you.
You closely miss the hound. Your bite misses the hound.
The hound is lightly wounded.
The endoplasm freezes you.
You are frozen.
The hound barely misses you. The endoplasm barely misses you.
The hound misses you.
You barely miss the hound.
The hound is lightly wounded.
The hound bites you. The endoplasm freezes you.
You are frozen.
The hound bites you but does no damage.
You hit the hound.
The hound is moderately wounded.
The hound bites you but does no damage. The endoplasm closely misses you.
The hound barely misses you.
You barely miss the hound.
The hound is lightly wounded.
The endoplasm hits you. The hound bites you but does no damage.
The endoplasm closely misses you.
You are too injured to fight recklessly!
You are too injured to fight recklessly!
You are too injured to fight recklessly!
You are too injured to fight recklessly!
You are too injured to fight recklessly!
You are too injured to fight recklessly!
The hound attacks as it pursues you! The hound closely misses you.
The hound bites you. The hound attacks as it pursues you! The hound bites you.
* * * LOW HITPOINT WARNING * * *
The hound bites you.
* * * LOW HITPOINT WARNING * * *
Unknown command.
The hound bites you.
You die...

....# ##........##### ###.
#######...........#.###
#..K
.....##........#.##...###
###.
..#..#.....#.....#..#...###
#w
..#.##.#........##........#
#.
..............[.#..........
#.
.##.###........##........#.
#†
.##.#####...#..#.hJ..#.....
#.
.......####...##@#........#
## ########
###...........?.#
#####........## ###...#..#
###...## ##.# .#


You could see a hound and an endoplasm.

Vanquished Creatures
  3 bats
  3 endoplasms (D:1)
  A giant cockroach (D:1)
  3 ball pythons
  A goblin (D:2)
  2 rats (D:1)
13 creatures vanquished.

Notes
Turn   | Place    | Note
-------+----------+-------------------------------------------
     0 | D:1      | cforsyth the Gnoll Artificer began the quest for the Orb.
     0 | D:1      | Reached XP level 1. HP: 17/17 MP: 1/1
   455 | D:1      | Reached XP level 2. HP: 23/23 MP: 2/2
  1340 | D:2      | Slain by a hound

Illustrated notes

Levels and vault maps discovered:
D:1:      nicolae_arrival_somewhat_less_tricky_arrival, layout_basic
D:2:      minmay_skewed_foursquare, layout_loops_cross, basic_altar,
          minmay_worlds_worst_comb

Action                     || total
---------------------------++-------
  Melee: Club              ||    81
         Bite              ||     6
   Stab: Sleeping          ||     2
 Armour: Leather armour    ||    22
  Dodge: Dodged            ||    83

Table legend: (Time is in decaauts)
 A = Elapsed time spent in this place.
 B = Non-inter-level travel time spent in this place.
 C = Inter-level travel time spent in this place.
 D = Time resting spent in this place.
 E = Time spent auto-exploring this place.
 F = Levels seen in this place.
 G = Mean time per level.
                   A        B        C        D        E       F      G
               +--------+--------+--------+--------+--------+-----+--------+
         Total |   1364 |   1264 |    100 |     61 |    953 |   2 |  682.0 |
       Dungeon |   1364 |   1264 |    100 |     61 |    953 |   2 |  682.0 |
               +--------+--------+--------+--------+--------+-----+--------+

Top non-repeatable levels by time:
     D:1: 1086 daAuts
     D:2: 278 daAuts
